NCAA
INDIANA HOOSIERS @ MISSISSIPPI STATE BULLDOGS
04/11/2026
 
TOP OF THE 1ST
Indiana Hoosiers batting - Pitching for Mississippi State Bulldogs : RHP Stan Gray
Pitching: RHP Stan Gray
Batting: SHB Terry Christian 0-0: Called Strike
0-1: Foul Ball, location: 2F
0-2: Ball
1-2: Ball
2-2: Foul Ball, location: 2F
2-2: Foul Ball, location: 2F
2-2: Foul Ball, location: 2F
2-2: Foul Ball, location: 2F
2-2: Foul Ball, location: 2F
2-2: Strikes out swinging
Batting: RHB Will White 0-0: Ball
1-0: Called Strike
1-1: Foul Ball, location: 2F
1-2: Ball
2-2: Fly out, F3 (Popup, 4S)
Batting: RHB Stephen Concepción 0-0: Called Strike
0-1: Ball
1-1: Ball
2-1: Ball
3-1: Base on Balls
Batting: RHB Mark Chamberlin 0-0: Ball
1-0: Foul Ball, location: 2F
1-1: Ball
2-1: Foul Ball, location: 2F
2-2: Ground out 6-3 (Groundball, 6)
Top of the 1st over - 0 run(s), 0 hit(s), 0 error(s), 1 left on base; Indiana 0 - Mississippi State 0
BOTTOM OF THE 1ST
Mississippi State Bulldogs batting - Pitching for Indiana Hoosiers : RHP John Turner
Pitching: RHP John Turner
Batting: RHB Josh Randall 0-0: Ball
1-0: Ball
2-0: Fly out, F9 (Popup, 9LS)
Batting: RHB Jeremy Davis 0-0: Ball
1-0: Called Strike
1-1: Called Strike
1-2: Foul Ball, location: 2F
1-2: Foul Ball, location: 2F
1-2: Ball
2-2: Ball
3-2: Base on Balls
Batting: RHB Eric Thompson 0-0: Foul Ball, location: 2F
0-1: Foul Ball, location: 2F
0-2: Ball
1-2: Ball
2-2: Ball
3-2: Base on Balls
Jeremy Davis to second
Batting: RHB Larry Beauregard 0-0: Ball
1-0: Ball
2-0: Ball
3-0: Called Strike
3-1: Base on Balls
Jeremy Davis to third
Eric Thompson to second
Batting: RHB Woody Wright 0-0: Ball
1-0: Ball
2-0: Ball
3-0: Base on Balls
Jeremy Davis scores
Eric Thompson to third
Larry Beauregard to second
Batting: LHB Lúcio Gómez 0-0: Ball
1-0: Ball
2-0: Called Strike
2-1: Ball
3-1: Base on Balls
Eric Thompson scores
Larry Beauregard to third
Woody Wright to second
Batting: LHB Darren Cook 0-0: Foul Ball, location: 2F
0-1: Ball
1-1: Swinging Strike
1-2: Ball
2-2: Ball
3-2: Base on Balls
Larry Beauregard scores
Woody Wright to third
Lúcio Gómez to second
Batting: LHB Pat Williams 0-0: Called Strike
0-1: Foul Ball, location: 2F
0-2: Foul Ball, location: 2F
0-2: Ball
1-2: Grounds into fielders choice 1-2 (Groundball, 23)
Lúcio Gómez to third
Darren Cook to second
Batting: LHB Marvin Nichols 0-0: Ball
1-0: Called Strike
1-1: Ball
2-1: Fly out, F7 (Flyball, 7M)
Bottom of the 1st over - 3 run(s), 0 hit(s), 0 error(s), 3 left on base; Indiana 0 - Mississippi State 3
TOP OF THE 2ND
Indiana Hoosiers batting - Pitching for Mississippi State Bulldogs : RHP Stan Gray
Batting: RHB Jason McNeil 0-0: Called Strike
0-1: Ground out 4-3 (Groundball, 4M)
Batting: RHB Elwood López 0-0: Fly out, F6 (Line Drive, 6M)
Batting: RHB Troy Johnson 0-0: Ball
1-0: Called Strike
1-1: Ball
2-1: SINGLE (Line Drive, 56D)
Batting: RHB Eugene Williams 0-0: Ball
1-0: Swinging Strike
1-1: Fly out, F8 (Flyball, 8RM)
Top of the 2nd over - 0 run(s), 1 hit(s), 0 error(s), 1 left on base; Indiana 0 - Mississippi State 3
BOTTOM OF THE 2ND
Mississippi State Bulldogs batting - Pitching for Indiana Hoosiers : RHP John Turner
Batting: RHB Josh Randall 0-0: Foul Ball, location: 2F
0-1: Ball
1-1: Ball
2-1: Ball
3-1: Foul Ball, location: 2F
3-2: Foul Ball, location: 2F
3-2: Base on Balls
Batting: RHB Jeremy Davis 0-0: Ball
1-0: Ball
2-0: Foul Ball, location: 2F
2-1: Foul Ball, location: 2F
2-2: Foul Ball, location: 2F
2-2: Foul Ball, location: 2F
2-2: SINGLE (Line Drive, 78S)
Josh Randall to second
Batting: RHB Eric Thompson 0-0: Called Strike
0-1: Ball
1-1: Ball
2-1: Ball
3-1: TRIPLE (Line Drive, 9LM)
Josh Randall scores
Jeremy Davis scores
Batting: RHB Larry Beauregard 0-0: Foul Ball, location: 2F
0-1: Foul Ball, location: 2F
0-2: Fly out, F9 (Flyball, 89M)
Runner from 3rd tags up, SCORES, no throw
Batting: RHB Woody Wright 0-0: Ball
1-0: Hit by Pitch
Batting: LHB Lúcio Gómez 0-0: SINGLE (Line Drive, 9S)
Woody Wright to second
Batting: LHB Darren Cook 0-0: Ball
1-0: Ball
2-0: Ball
3-0: Called Strike
3-1: Base on Balls
Woody Wright to third
Lúcio Gómez to second
Batting: LHB Pat Williams 0-0: Foul Ball, location: 2F
0-1: Swinging Strike
0-2: Strikes out swinging
Batting: LHB Marvin Nichols 0-0: SINGLE (Line Drive, 9S)
Woody Wright scores
Lúcio Gómez to third
Darren Cook to second
Pitching: LHP Clyde White
Batting: RHB Josh Randall 0-0: Fly out, F9 (Line Drive, 9S)
Bottom of the 2nd over - 4 run(s), 4 hit(s), 0 error(s), 3 left on base; Indiana 0 - Mississippi State 7
TOP OF THE 3RD
Indiana Hoosiers batting - Pitching for Mississippi State Bulldogs : RHP Stan Gray
Batting: RHB Armando Bernard 0-0: Foul Ball, location: 2F
0-1: Ball
1-1: Ball
2-1: Ball
3-1: Foul Ball, location: 2F
3-2: Base on Balls
Batting: SHB Terry Christian 0-0: Ball
1-0: Foul Ball, location: 2F
1-1: Grounds into double play, U6-3 (Groundball, 6M)
Batting: RHB Will White 0-0: Called Strike
0-1: Foul Ball, location: 2F
0-2: Ball
1-2: Strikes out swinging
Top of the 3rd over - 0 run(s), 0 hit(s), 0 error(s), 0 left on base; Indiana 0 - Mississippi State 7
BOTTOM OF THE 3RD
Mississippi State Bulldogs batting - Pitching for Indiana Hoosiers : LHP Clyde White
Batting: RHB Jeremy Davis 0-0: Hit by Pitch
Batting: RHB Eric Thompson 0-0: Ball
1-0: Swinging Strike
1-1: Swinging Strike
1-2: Ball
2-2: Foul Ball, location: 2F
2-2: Ball
3-2: Foul Ball, location: 2F
3-2: Base on Balls
Jeremy Davis to second
Batting: RHB Larry Beauregard 0-0: Called Strike
0-1: SINGLE (Flyball, 89S)
Jeremy Davis to third
Eric Thompson to second
Batting: RHB Woody Wright 0-0: SINGLE (Groundball, 56D)
Jeremy Davis scores
Eric Thompson to third
Larry Beauregard to second
Runner from 3rd tries for Home, SAFE, no throw or cutoff
Batting: LHB Lúcio Gómez 0-0: Called Strike
0-1: Foul Ball, location: 2F
0-2: Strikes out looking
Batting: LHB Darren Cook 0-0: Ball
1-0: SINGLE (Line Drive, 7LS)
Larry Beauregard to third
Woody Wright to second
Batting: LHB Pat Williams 0-0: Called Strike
0-1: SINGLE (Line Drive, 8LS)
Larry Beauregard scores
Woody Wright to third
Darren Cook to second
Batting: LHB Marvin Nichols 0-0: Ball
1-0: Ball
2-0: Ball
3-0: Base on Balls
Woody Wright scores
Darren Cook to third
Pat Williams to second
Batting: RHB Josh Randall 0-0: Grounds into fielders choice 1-2 (Groundball, 13S)
Pat Williams to third
Marvin Nichols to second
Batting: RHB Jeremy Davis 0-0: Fly out, F8 (Popup, 4MD)
Bottom of the 3rd over - 4 run(s), 4 hit(s), 0 error(s), 3 left on base; Indiana 0 - Mississippi State 11
TOP OF THE 4TH
Indiana Hoosiers batting - Pitching for Mississippi State Bulldogs : RHP Stan Gray
Batting: RHB Stephen Concepción 0-0: Swinging Strike
0-1: Ball
1-1: Foul Ball, location: 2F
1-2: Foul Ball, location: 2F
1-2: Foul Ball, location: 2F
1-2: Strikes out looking
Batting: RHB Mark Chamberlin 0-0: Called Strike
0-1: Ball
1-1: Ground out 1-3 (Groundball, 15S)
Batting: RHB Jason McNeil 0-0: Ball
1-0: Ball
2-0: Ball
3-0: Called Strike
3-1: Base on Balls
Batting: RHB Elwood López 0-0: 2-RUN HOME RUN (Line Drive, 78XD), Distance : 386 ft
Batting: RHB Troy Johnson 0-0: Ball
1-0: Called Strike
1-1: Swinging Strike
1-2: Ball
2-2: Strikes out swinging
Top of the 4th over - 2 run(s), 1 hit(s), 0 error(s), 0 left on base; Indiana 2 - Mississippi State 11
BOTTOM OF THE 4TH
Mississippi State Bulldogs batting - Pitching for Indiana Hoosiers : LHP Clyde White
Batting: RHB Eric Thompson 0-0: Called Strike
0-1: Called Strike
0-2: Fly out, F9 (Line Drive, 9M)
Batting: RHB Larry Beauregard 0-0: Foul Ball, location: 2F
0-1: SOLO HOME RUN (Flyball, 7D), Distance : 359 ft
Pitching: LHP Eric Franks
Batting: RHB Woody Wright 0-0: SINGLE (Line Drive, 6D)
Batting: LHB Lúcio Gómez 0-0: Ball
1-0: SINGLE (Groundball, 56D)
Woody Wright to second
Batting: LHB Darren Cook 0-0: Foul Ball, location: 2F
0-1: Ball
1-1: Fly out, F7 (Line Drive, 78S)
Batting: LHB Pat Williams 0-0: SINGLE (Groundball, 56D)
Woody Wright to third
Lúcio Gómez to second
Runner from 3rd tries for Home, SAFE, no throw or cutoff
Batting: LHB Marvin Nichols 0-0: Ball
1-0: Ground out 6-3 (Groundball, 6)
Bottom of the 4th over - 2 run(s), 4 hit(s), 0 error(s), 2 left on base; Indiana 2 - Mississippi State 13
TOP OF THE 5TH
Indiana Hoosiers batting - Pitching for Mississippi State Bulldogs : RHP Stan Gray
Batting: RHB Eugene Williams 0-0: Fly out, F6 (Popup, 6D)
Batting: RHB Armando Bernard 0-0: Swinging Strike
0-1: Ball
1-1: Swinging Strike
1-2: Foul Ball, location: 2F
1-2: Strikes out swinging
Batting: SHB Terry Christian 0-0: Ground out 1-3 (Groundball, 13)
Top of the 5th over - 0 run(s), 0 hit(s), 0 error(s), 0 left on base; Indiana 2 - Mississippi State 13
BOTTOM OF THE 5TH
Mississippi State Bulldogs batting - Pitching for Indiana Hoosiers : LHP Eric Franks
Batting: RHB Josh Randall 0-0: Ball
1-0: Foul Ball, location: 2F
1-1: Called Strike
1-2: Ball
2-2: Ground out 6-3 (Groundball, 6)
Batting: RHB Jeremy Davis 0-0: Ball
1-0: Ball
2-0: Ball
3-0: Called Strike
3-1: Swinging Strike
3-2: Foul Ball, location: 2F
3-2: Foul Ball, location: 2F
3-2: Strikes out swinging, 2-3 out at first.
Batting: RHB Eric Thompson 0-0: Ball
1-0: SINGLE (Groundball, 6D)
Batting: RHB Larry Beauregard 0-0: Hit by Pitch
Eric Thompson to second
Batting: RHB Woody Wright 0-0: Swinging Strike
0-1: Ground out 2-3 (Groundball, 2R)
Bottom of the 5th over - 0 run(s), 1 hit(s), 0 error(s), 2 left on base; Indiana 2 - Mississippi State 13
TOP OF THE 6TH
Indiana Hoosiers batting - Pitching for Mississippi State Bulldogs : RHP Stan Gray
Batting: RHB Will White 0-0: Foul Ball, location: 2F
0-1: Called Strike
0-2: Ball
1-2: Strikes out swinging
Batting: RHB Stephen Concepción 0-0: Called Strike
0-1: Ball
1-1: Ball
2-1: Called Strike
2-2: Fly out, F6 (Popup, 6)
Batting: RHB Mark Chamberlin 0-0: Called Strike
0-1: Swinging Strike
0-2: Ball
1-2: SINGLE (Line Drive, 6D)
Pitching: RHP Rubén Romero
Batting: RHB Jason McNeil 0-0: Ball
1-0: Called Strike
1-1: Called Strike
1-2: Strikes out swinging
Top of the 6th over - 0 run(s), 1 hit(s), 0 error(s), 1 left on base; Indiana 2 - Mississippi State 13
BOTTOM OF THE 6TH
Mississippi State Bulldogs batting - Pitching for Indiana Hoosiers : LHP Eric Franks
Batting: LHB Lúcio Gómez 0-0: Ball
1-0: Swinging Strike
1-1: Foul Ball, location: 2F
1-2: Strikes out swinging
Pinch Hitting: LHB Jack Crawford 0-0: Ball
1-0: SINGLE (Flyball, 8RS)
Batting: LHB Pat Williams 0-0: Ball
1-0: Ball
Jack Crawford steals 2nd base
2-0: Ball
3-0: Called Strike
3-1: Called Strike
3-2: Base on Balls
Batting: LHB Marvin Nichols 0-0: Foul Ball, location: 2F
0-1: Ball
1-1: Fielders Choice at 2nd, 1-6 (Groundball, 13)
Jack Crawford to third
Batting: RHB Josh Randall 0-0: Fly out, F8 (Flyball, 8LS)
Bottom of the 6th over - 0 run(s), 1 hit(s), 0 error(s), 2 left on base; Indiana 2 - Mississippi State 13
TOP OF THE 7TH
Indiana Hoosiers batting - Pitching for Mississippi State Bulldogs : RHP Rubén Romero
Now at 2B: Jack Crawford
Batting: RHB Elwood López 0-0: Ball
1-0: Called Strike
1-1: Called Strike
1-2: SINGLE (Groundball, 13S) (infield hit)
Batting: RHB Troy Johnson 0-0: Foul Ball, location: 2F
0-1: Foul Ball, location: 2F
0-2: Ball
1-2: Ball
Elwood López steals 2nd base
2-2: Ball
3-2: Foul Ball, location: 2F
3-2: Base on Balls
Batting: RHB Eugene Williams 0-0: Ball
1-0: Foul Ball, location: 2F
1-1: Foul Ball, location: 2F
1-2: SINGLE (Line Drive, 78S)
Elwood López to third
Troy Johnson to second
Batting: RHB Armando Bernard 0-0: Ball
1-0: Foul Ball, location: 2F
1-1: Foul Ball, location: 2F
1-2: Grounds into fielders choice 1-2 (Groundball, 15S)
Troy Johnson to third
Eugene Williams to second
Batting: SHB Terry Christian 0-0: Called Strike
0-1: Foul Ball, location: 2F
0-2: Ball
1-2: Foul Ball, location: 2F
1-2: Ball
2-2: SINGLE (Line Drive, 7LS)
Troy Johnson scores
Eugene Williams to third
Armando Bernard to second
Runner from 3rd tries for Home, SAFE, throw made at trailing runner, SAFE at third!
Batting: RHB Will White 0-0: DOUBLE (Groundball, 5L)
Armando Bernard scores
Terry Christian to third
Batting: RHB Stephen Concepción 0-0: Called Strike
0-1: Fly out, F8 (Line Drive, 8LM)
Runner from 3rd tags up, SCORES, no throw
Pitching: RHP Salvador Delgado
Batting: RHB Mark Chamberlin 0-0: SINGLE (Line Drive, 6M)
Will White to third
Batting: RHB Jason McNeil 0-0: Ball
1-0: Ball
2-0: Swinging Strike
2-1: SINGLE (Line Drive, 89S)
Will White scores
Mark Chamberlin to second
Runner from 2nd tries for 3rd, SAFE, throw made to third
Batting: RHB Elwood López 0-0: Called Strike
0-1: Ball
1-1: Foul Ball, location: 2F
1-2: Strikes out swinging
Top of the 7th over - 5 run(s), 6 hit(s), 0 error(s), 2 left on base; Indiana 7 - Mississippi State 13
BOTTOM OF THE 7TH
Mississippi State Bulldogs batting - Pitching for Indiana Hoosiers : LHP Eric Franks
Pitching: RHP Phil Lewis
Batting: RHB Jeremy Davis 0-0: Called Strike
0-1: Ball
1-1: Ball
2-1: Ball
3-1: Base on Balls
Batting: RHB Eric Thompson 0-0: Called Strike
0-1: Foul Ball, location: 2F
0-2: Ball
1-2: Foul Ball, location: 2F
1-2: Ball
2-2: Foul Ball, location: 2F
2-2: Foul Ball, location: 2F
2-2: Ball
3-2: Base on Balls
Jeremy Davis to second
Batting: RHB Larry Beauregard 0-0: Grounds into double play, U5-3 (Groundball, 5L)
Eric Thompson to second
Batting: RHB Woody Wright 0-0: Ball
1-0: Called Strike
1-1: Called Strike
1-2: Strikes out swinging
Bottom of the 7th over - 0 run(s), 0 hit(s), 0 error(s), 1 left on base; Indiana 7 - Mississippi State 13
TOP OF THE 8TH
Indiana Hoosiers batting - Pitching for Mississippi State Bulldogs : RHP Salvador Delgado
Now at SS: Alfonso Romero
Batting: RHB Troy Johnson 0-0: Fly out, F9 (Flyball, 9LMF)
Batting: RHB Eugene Williams 0-0: Ball
1-0: Called Strike
1-1: Foul Ball, location: 2F
1-2: Ball
2-2: Ball
3-2: Foul Ball, location: 2F
3-2: Strikes out swinging
Batting: RHB Armando Bernard 0-0: Foul Ball, location: 2F
0-1: Ball
1-1: Ball
2-1: Foul Ball, location: 2F
2-2: Ball
3-2: Foul Ball, location: 2F
3-2: Fly out, F8 (Flyball, 8RM)
Top of the 8th over - 0 run(s), 0 hit(s), 0 error(s), 0 left on base; Indiana 7 - Mississippi State 13
BOTTOM OF THE 8TH
Mississippi State Bulldogs batting - Pitching for Indiana Hoosiers : RHP Phil Lewis
Batting: LHB Lúcio Gómez 0-0: Ball
1-0: Ball
2-0: Ball
3-0: Called Strike
3-1: Base on Balls
Batting: LHB Jack Crawford Pickoff Throw to First - Error! E1
Lúcio Gómez to second
0-0: Ball
1-0: Foul Ball, location: 2F
1-1: Ground out 4-3 (Groundball, 4)
Lúcio Gómez to third
Batting: LHB Pat Williams 0-0: Swinging Strike
0-1: Ball
1-1: Fly out, F8 (Flyball, 8RXD)
Runner from 3rd tags up, SCORES, no throw
Batting: LHB Marvin Nichols 0-0: Called Strike
0-1: Ball
1-1: SOLO HOME RUN (Flyball, 9LD), Distance : 325 ft
Batting: RHB Josh Randall 0-0: Ball
1-0: Ball
2-0: Ball
3-0: Base on Balls
Batting: RHB Jeremy Davis 0-0: Called Strike
0-1: Swinging Strike
0-2: Ball
1-2: Strikes out swinging
Bottom of the 8th over - 2 run(s), 1 hit(s), 1 error(s), 1 left on base; Indiana 7 - Mississippi State 15
TOP OF THE 9TH
Indiana Hoosiers batting - Pitching for Mississippi State Bulldogs : RHP Salvador Delgado
Batting: SHB Terry Christian 0-0: Called Strike
0-1: Foul Ball, location: 2F
0-2: Ball
1-2: Ball
2-2: Strikes out swinging
Batting: RHB Will White 0-0: Ball
1-0: Ball
2-0: Fly out, F7 (Flyball, 7LM)
Batting: RHB Stephen Concepción 0-0: Called Strike
0-1: Ball
1-1: Foul Ball, location: 2F
1-2: Ball
2-2: Fly out, F7 (Flyball, 7M)
Top of the 9th over - 0 run(s), 0 hit(s), 0 error(s), 0 left on base; Indiana 7 - Mississippi State 15
Monday, December 5th, 2016 - OOTP Baseball 17.12 Build 75